 Dungeon Crawl Stone Soup version bcrawl-1.17.3 (webtiles) character file.

Game seed: 8343178809230818420

15071 Anmu the Destroyer (level 12, -10/66 HPs)
             Began as a Fairy Conjurer on Oct 20, 2019.
             Was a Follower of Sif Muna.
             Mangled by Snorg (15 damage)
             ... on level 10 of the Dungeon.
             The game lasted 00:32:21 (10438 turns).

Anmu the Destroyer (Fairy Conjurer)                Turns: 10438, Time: 00:32:22

Health: -10/66     AC: 11    Str:  6    XL:     12   Next: 23%
Magic:  32/41      EV: 27    Int: 23    God:    Sif Muna [*.....]
Gold:   796        SH:  7    Dex: 14    Spells: 18/39 levels left

rFire    . . .     SeeInvis .   D - staff of conjuration
rCold    . . .     Gourm    .   (shield currently unavailable)
rNeg     . . .     Faith    .   (armour unavailable)
rPois    .         Spirit   .   l - +2 helmet
rElec    .         Reflect  .   H - scarf {repulsion}
rCorr    .         Harm     .   o - +0 pair of gloves
MR       +....                  (no boots)
Stlth    +.........             x - amulet of regeneration
HPRegen  0.61/turn              I - ring of magical power
MPRegen  0.27/turn              p - +2 ring of evasion

@: flying evasively, repel missiles
A: small, magic attunement, unstealthy, unfitting armour, able to fly, AC/SH +7
a: Stop Flying, Divine Energy, Renounce Religion


You were on level 10 of the Dungeon.
You worshipped Sif Muna.
Sif Muna was aware of your devotion.
You were hungry.

You visited 2 branches of the dungeon, and saw 11 of its levels.
You also visited: Sewer and Ossuary.

You collected 808 gold pieces.
You spent 12 gold pieces at shops.

Inventory:

Armour
 l - a +2 helmet (worn)
 o - a +0 pair of gloves (worn)
 H - a scarf of repulsion (worn)
Magical Staves
 D - an uncursed staff of conjuration (weapon)
Jewellery
 a - an uncursed ring of protection from cold
 k - an uncursed ring of poison resistance
 p - a +2 ring of evasion (right hand)
 w - an uncursed ring of protection from cold
 x - an amulet of regeneration (around neck)
 y - a +2 ring of intelligence
 B - an uncursed ring of positive energy
 I - a ring of magical power (left hand)
Wands
 h - a wand of random effects (5)
 n - a wand of enslavement (10)
 C - a wand of digging (11)
 E - a wand of polymorph (17)
 G - a wand of paralysis (7)
 L - a wand of flame (17)
Scrolls
 d - 13 scrolls of identify
 e - 4 scrolls of remove curse
 g - 6 scrolls of amnesia
 r - 7 scrolls of enchant weapon
 s - 3 scrolls of teleportation
 t - a scroll of fear
 A - a scroll of brand weapon {unknown}
 J - a scroll of magic mapping
 M - a scroll of summoning {unknown}
Potions
 b - 2 potions of magic
 f - a potion of heal wounds
 i - 4 potions of cancellation
 j - 6 potions of agility
 m - 10 potions of curing
 q - a potion of invisibility
 u - a potion of haste
 v - a potion of lignification
 z - a potion of might
 F - a potion of brilliance
Miscellaneous
 K - a lightning rod (4/4)
Comestibles
 c - 13 rations {!d}


   Skills:
 * Level 11.6 Dodging
 + Level 3.5 Stealth
 + Level 14.1 Spellcasting
 + Level 14.3 Conjurations
 + Level 1.0 Fire Magic


You had 18 spell levels left.
You knew the following spells:

 Your Spells              Type           Power        Failure   Level  Hunger
a - Magic Dart            Conj           ####         0%          1    None
b - Iskenderun's Mystic   Conj           #######.     1%          3    None
c - Iskenderun's Battles  Conj/Chrm      ######..     5%          5    None
e - Fireball              Conj/Fire      ######....   4%          5    None
f - Orb of Destruction    Conj           #######...   9%          7    None

Your spell library contained the following spells:

 Spells                   Type           Power        Failure   Level  Hunger
 Searing Ray              Conj           ######       0%          2    None
 Stone Arrow              Conj/Erth      ######       1%          3    None
 Fulminant Prism          Conj/Hex       ######....   1%          4    None
 Summon Small Mammal      Summ           ###.         3%          1    None
 Call Imp                 Summ           ###.....     5%          2    None
 Irradiate                Conj/Tmut      ######....   5%          5    None
 Call Canine Familiar     Summ           ###.....     11%         3    None
 Bolt of Magma            Conj/Fire/Erth ######....   12%         5    None
 Bolt of Fire             Conj/Fire      ######....   24%         6    None
 Iron Shot                Conj/Erth      ######....   30%         6    None
 Poison Arrow             Conj/Pois      ######....   30%         6    None
 Summon Ice Beast         Ice/Summ       ###.....     36%         4    None
 Summon Lightning Spire   Summ/Air       ###.....     71%         5    None
 Summon Mana Viper        Hex/Summ       ###.....     71%         5    None
 Spellforged Servitor     Conj/Summ      ######....   86%         7    None
 Steam Barrier            Chrm/Fire      ###.......   99%         6    None
 Summon Hydra             Summ           ###.......   99%         6    None
 Monstrous Menagerie      Summ           ###.......   100%        7    None
 Ignition                 Fire           ###.......   100%        8    None
 Necromutation            Tmut/Necr      ###.....     100%        8    None


Dungeon Overview and Level Annotations

Branches:
Dungeon (10/12)            Temple (1/1) D:6            Lair (0/6) D:8
    Orc: D:8-11

Altars:
Ashenzari
Cheibriados
Dithmenos
Elyvilon
Fedhas
Gozag
Hepliaklqana
Kikubaaqudgha
Lugonu
Makhleb
Nemelex Xobeh
Okawaru
Qazlal
Ru
Sif Muna
Trog
Uskayaw
Vehumet
Wu Jian
Xom
Yredelemnul
Zin
The Shining One

Shops:
D:4 !   D:7 }   D:10 [

Annotations:
D:10 1 runed translucent door, Snorg; sbaton's ghost, journeyman TrBe


Innate Abilities, Weirdness & Mutations

Your spells do not cause hunger and MP costs are reduced by 1.
Your bright wings attract enemies. (Stealth-)
You cannot fit into any form of body armour.
Your shimmering scales are hard and can block incoming attacks. (AC +7, SH +7)
You are small and have problems with some larger weapons.
You can fly continuously.


Message History

The orb of energy explodes!
Snorg bites you!! Snorg misses you.
Snorg closely misses you. x2; Snorg claws you!!
* * * LOW HITPOINT WARNING * * *
Snorg completely misses you.
Casting: Iskenderun's Mystic Blast (safe; 1% risk of failure)
Confirm with . or Enter, or press ? or * to list all spells.
Aiming: Iskenderun's Mystic Blast (safe; 1% risk of failure)
Press: ? - help, Shift-Dir - straight line, f/p - Snorg
Aim: Snorg (heavily wounded, berserk, fast, unusually strong)
You feel a surge of power!
The orb of energy hits Snorg.
Snorg is severely wounded.
You block Snorg's attack. Snorg completely misses you. x2
You feel much better. Snorg completely misses you. Snorg claws you!
* * * LOW HITPOINT WARNING * * *
Snorg claws you!
* * * LOW HITPOINT WARNING * * *
Snorg completely misses you. Snorg claws you.
* * * LOW HITPOINT WARNING * * *
Snorg claws you!
You die...

###### #....#######
#....#...... #....T......
####...@#
######+#........####
#...............#..##
#...............#...#
#...............'...#
#...............#...#
##...............##'##
.#(..................#######
.######'#..................#


You could see Snorg (berserk).

Vanquished Creatures
  An ettin (D:10)
  A centaur warrior (D:10)
  2 two-headed ogres
  Urug (D:10)
  A phantasmal warrior (D:10)
  A cyclops (D:7)
  2 ugly things (D:10)
  Joseph (D:7)
  A gargoyle (D:10)
  2 centaur skeletons
  2 trolls
  3 hornets
  3 slime creatures (D:9)
  2 hippogriffs (D:6)
  A vampire (D:10)
  A human (D:8)
  4 hogs (D:8)
  A hungry ghost (D:8)
  A water moccasin (D:9)
  A soldier ant (D:10)
  3 orc warriors
  2 ice beasts
  A sky beast (D:8)
  An eye of draining (D:8)
  7 ogres
  A necrophage (D:8)
  3 centaurs
  A crocodile (D:8)
  6 bullfrogs
  5 big kobolds
  A wyvern skeleton (D:8)
  4 scorpions
  8 killer bees
  10 wights (D:10)
  A howler monkey (D:5)
  An electric eel (D:9)
  5 crimson imps
  3 bullfrog zombies
  2 centaur zombies
  A quasit (D:8)
  9 orc wizards
  3 jellies
  4 orc priests
  2 bullfrog skeletons
  6 hounds
  3 iguanas
  10 mummies (Ossuary)
  Natasha (thrice) (D:3)
  6 worker ants
  A killer bee zombie (Ossuary)
  2 hound zombies (Ossuary)
  3 hound skeletons
  Robin (D:3)
  2 worker ant zombies (Ossuary)
  7 gnolls
  A howler monkey skeleton (D:6)
  7 river rats (Sewer)
  15 adders
  A shadow imp (D:8)
  An ooze (D:1)
  3 adder skeletons
  8 adder zombies
  3 worms
  3 dart slugs
  7 leopard geckos
  37 orcs
  A giant cockroach (D:2)
  14 goblins
  7 hobgoblins
  19 jackals
  5 quokkas
  5 ball pythons (Sewer)
  7 bats
  7 frilled lizards
  2 jackal zombies
  46 kobolds
  A leopard gecko skeleton (D:5)
  A leopard gecko zombie (Ossuary)
  2 quokka zombies (Ossuary)
  23 rats
386 creatures vanquished.

Vanquished Creatures (others)
  2 withered plants (D:10)
2 creatures vanquished.

Grand Total: 388 creatures vanquished

Notes
Turn   | Place    | Note
-------+----------+-------------------------------------------
     0 | D:1      | Anmu the Fairy Conjurer began the quest for the Orb.
     0 | D:1      | Reached XP level 1. HP: 11/11 MP: 6/6
    14 | D:1      | Reached skill level 5 in Conjurations
    90 | D:1      | Reached XP level 2. HP: 16/17 MP: 7/7
   207 | D:1      | Reached XP level 3. HP: 21/21 MP: 9/9
   215 | D:1      | Learned a level 3 spell: Iskenderun's Mystic Blast
   726 | D:2      | Reached XP level 4. HP: 27/27 MP: 1/11
  1604 | D:2      | Reached XP level 5. HP: 31/31 MP: 11/13
  1777 | D:3      | Found a shattered altar of Ashenzari.
  1895 | D:3      | Found an iron altar of Okawaru.
  1918 | D:3      | Noticed Natasha
  1925 | D:3      | Killed Natasha
  1956 | D:3      | Noticed an ogre
  1960 | D:3      | Noticed Natasha
  1962 | D:3      | Killed an ogre
  1962 | D:3      | Reached skill level 5 in Spellcasting
  1962 | D:3      | Reached XP level 6. HP: 36/36 MP: 2/15
  1964 | D:3      | Killed Natasha
  2029 | D:3      | Noticed Natasha
  2038 | D:3      | Killed Natasha
  2039 | D:3      | Noticed Robin
  2050 | D:3      | Killed Robin
  2090 | D:3      | Found a glowing drain.
  2099 | Sewer    | Entered a sewer
  2316 | Sewer    | Reached XP level 7. HP: 41/41 MP: 14/17
  3250 | D:4      | Found Hemmeu Bouva's Distillery.
  3257 | D:4      | Bought a potion of degeneration for 12 gold pieces
  3717 | D:4      | Found a glowing golden altar of the Shining One.
  3792 | D:5      | Entered Level 5 of the Dungeon
  3796 | D:5      | Reached skill level 5 in Dodging
  4020 | D:5      | Found an opulent altar of Gozag.
  4040 | D:5      | Reached XP level 8. HP: 46/46 MP: 20/20
  4083 | D:5      | Found a shimmering altar of Xom.
  4083 | D:5      | Found a shimmering altar of Xom.
  4084 | D:5      | Found a shimmering altar of Xom.
  4099 | D:5      | Found a shimmering altar of Xom.
  4099 | D:5      | Found a shimmering altar of Xom.
  4099 | D:5      | Found a shimmering altar of Xom.
  4099 | D:5      | Found a shimmering altar of Xom.
  4100 | D:5      | Found a shimmering altar of Xom.
  4126 | D:5      | Found a sand-covered staircase.
  4148 | Ossuary  | Entered an ossuary
  5063 | D:5      | Found a snail-covered altar of Cheibriados.
  5352 | D:6      | Reached XP level 9. HP: 51/51 MP: 18/23
  5469 | D:6      | Found a staircase to the Ecumenical Temple.
  5478 | Temple   | Entered the Ecumenical Temple
  5704 | D:6      | Reached skill level 10 in Conjurations
  5745 | D:6      | Identified the +0 leather armour "Jaeren" {rN++}
  5803 | D:6      | Reached skill level 10 in Spellcasting
  6046 | D:6      | Noticed a hornet
  6050 | D:6      | Killed a hornet
  6050 | D:6      | Reached XP level 10. HP: 56/56 MP: 17/26
  6168 | D:6      | Found a hazy altar of Hepliaklqana.
  6168 | D:6      | Found a sparkling altar of Nemelex Xobeh.
  6320 | D:6      | Found a sacrificial altar of Ru.
  6432 | D:6      | Found a burning altar of Makhleb.
  6432 | D:6      | Noticed a green death
  6580 | D:7      | Noticed a cyclops
  6584 | D:7      | Killed a cyclops
  6810 | D:7      | Found a white marble altar of Elyvilon.
  6856 | D:7      | Noticed Joseph
  6861 | D:7      | Killed Joseph
  7098 | D:7      | Found Itiynlil's Gadget Boutique.
  7507 | D:8      | Found a staircase to the Lair.
  7748 | D:8      | Noticed a two-headed ogre
  7753 | D:8      | Killed a two-headed ogre
  7753 | D:8      | Reached XP level 11. HP: 61/61 MP: 19/29
  7803 | D:8      | Found a blossoming altar of Fedhas.
  7864 | D:8      | Found a glowing golden altar of the Shining One.
  8278 | D:8      | Reached skill level 10 in Dodging
  8723 | D:9      | Found a hide-covered altar of Uskayaw.
  8727 | D:9      | Noticed a +0 hand axe
  8728 | D:9      | Noticed a +0 hand axe
  8773 | D:9      | Found a shimmering blue altar of Sif Muna.
  8796 | D:9      | Became a worshipper of Sif Muna the Loreminder
  9311 | D:10     | Entered Level 10 of the Dungeon
  9373 | D:10     | Reached * piety under Sif Muna
  9377 | D:10     | Noticed Urug
  9384 | D:10     | Killed Urug
  9629 | D:10     | Found Zatrimou's Antique Armour Shop.
  9629 | D:10     | Noticed a white ugly thing
  9629 | D:10     | Noticed a purple ugly thing
  9704 | D:10     | Noticed a phantasmal warrior
  9706 | D:10     | Noticed an ettin
  9708 | D:10     | Killed a phantasmal warrior
  9711 | D:10     | Killed an ettin
  9711 | D:10     | Received a gift from Sif Muna
  9842 | D:10     | Learned a level 5 spell: Iskenderun's Battlesphere
  9850 | D:10     | Learned a level 7 spell: Orb of Destruction
  9854 | D:10     | Identified the Volume of Destructive Black Rites
  9864 | D:10     | Learned a level 5 spell: Fireball
 10016 | D:10     | Noticed a centaur warrior
 10022 | D:10     | Noticed a two-headed ogre
 10023 | D:10     | Killed a centaur warrior
 10023 | D:10     | Reached XP level 12. HP: 66/66 MP: 22/31
 10027 | D:10     | Killed a two-headed ogre
 10166 | D:10     | Found a runed translucent door.
 10167 | D:10     | Noticed sbaton's ghost (journeyman TrBe)
 10207 | D:10     | Found a bloodstained altar of Trog.
 10303 | D:10     | Reached skill level 1 in Fire Magic
 10432 | D:10     | Noticed Snorg
 10436 | D:10     | HP: 1/66 [Snorg (19)]
 10438 | D:10     | Mangled by Snorg

Skill      XL: |  1  2  3  4  5  6  7  8  9 10 11 12 |
---------------+-------------------------------------+-----
Conjurations   | 5 6 7 8 9 10 12 14 | 14.3
Dodging        | 3 4 5 6 8 9 11 | 11.6
Spellcasting   | 3 4 5 7 8 10 12 13 14 | 14.1
Stealth        | 2 3 |  3.5
Fire Magic     | 1 |  1.0

Action                   |  1- 3 |  4- 6 |  7- 9 | 10-12 || total
-------------------------+-------+-------+-------+-------++-------
 Cast: Magic Dart        |    62 |   118 |   227 |   141 ||   548
       Iskenderun's Myst |     4 |    35 |   123 |   168 ||   330
       Fireball          |       |       |       |    15 ||    15
  Use: Scroll            |     6 |     2 |     4 |     2 ||    14
       Potion            |     1 |     5 |     1 |     4 ||    11
  Eat: Chunk             |       |     4 |    11 |     9 ||    24
       Ration            |       |       |       |     1 ||     1
Armor: Skin              |     1 |     3 |    14 |    13 ||    31
Dodge: Dodged            |    18 |    26 |    98 |    78 ||   220
       Deflected         |       |       |       |     2 ||     2
Block: Other             |     6 |     6 |    22 |    33 ||    67
